 Dungeon Crawl Stone Soup version 0.20-a0-1000-g0e8f6bb (webtiles) character file.

553 Hybris the Chopper (level 7, 0/91 HPs)
             Began as a Black Draconian Berserker on Apr 12, 2017.
             Was a Priest of Trog.
             Killed by divine providence
             ... invoked by an orc priest
              (14 damage)
             ... on level 5 of the Dungeon.
             The game lasted 00:07:45 (3909 turns).

Hybris the Chopper (Black Draconian Berserker)      Turns: 3909, Time: 00:07:46

Health: 0/91       AC:  8    Str: 26    XL:     7   Next: 8%
Magic:  16/16      EV: 12    Int:  7    God:    Trog [***...]
Gold:   237        SH:  0    Dex: 11    Spells: 6/6 levels left

rFire    . . .     SeeInvis .   a - +1 hand axe
rCold    + . .     Gourm    .   (no shield)
rNeg     . . .     Faith    .   (armour unavailable)
rPois    .         Spirit   .   (helmet restricted)
rElec    +         Reflect  .   r - scarf {rC+}
rCorr    .         Harm     .   t - +1 pair of gloves
MR       ++...     Clarity  +   (no boots)
Stlth    ..........             (no amulet)
Regen    1.3/turn               u - ring of magical power
MPRegen  0.2/turn               (no ring)

@: berserking, short of breath, regenerating, very quick
A: breathe lightning, unfitting armour, clarity, electricity resistance,
evolution 1, cold-blooded, AC +6
a: Breathe Lightning, Berserk, Trog's Hand, Burn Spellbooks, Renounce Religion


You were on level 5 of the Dungeon.
You worshipped Trog.
Trog was most pleased with you.
You were very hungry.

You visited 1 branch of the dungeon, and saw 5 of its levels.

You collected 237 gold pieces.

Inventory:

Hand Weapons
 a - a +1 hand axe (weapon)
Armour
 r - a scarf of cold resistance (worn)
 t - a +1 pair of gloves (worn)
Jewellery
 u - a ring of magical power (left hand)
Wands
 n - a wand of iceblast (7/15)
Scrolls
 c - a scroll of enchant armour
 d - a scroll of identify
 e - 2 scrolls of remove curse
 i - a scroll of teleportation
 k - a scroll of magic mapping
 o - 2 scrolls of enchant weapon
Potions
 g - a potion of lignification {unknown}
 j - a potion of heal wounds {unknown}
 q - a potion of curing
Comestibles
 b - 3 bread rations
 f - 3 chunks of flesh
 h - 3 meat rations
 v - 2 fruits


   Skills:
 + Level 5.5 Fighting
 * Level 7.0 Axes
 - Level 2.6 Dodging


You had 6 spell levels left.
You didn't know any spells.

Dungeon Overview and Level Annotations

Branches:
Dungeon (5/15)
 Temple: D:4-7

Altars:
Gozag
Hepliaklqana
Makhleb
Nemelex Xobeh
The Shining One


Innate Abilities, Weirdness & Mutations

You can breathe wild blasts of lightning.
Your glossy black scales are hard. (AC +6)
You cannot fit into any form of body armour.
You are resistant to electric shocks. (rElec)
You are cold-blooded and may be slowed by cold attacks.
You possess an exceptional clarity of mind.
You evolve.


Message History

You hit the orc.
You tail-slap the orc, but do no damage.
The orc is moderately wounded.
The orc priest invokes the aid of Beogh against you.
Beogh smites you!
You are too injured to fight recklessly!
Your skin crawls.
You feel resistant to hostile enchantments.
You are feeling hungry.
The orc hits you.
The orc priest calls down the wrath of Beogh upon you.
Beogh smites you!
* * * LOW HITPOINT WARNING * * *
A red film seems to cover your vision as you go berserk!
You feel yourself moving faster!
You feel mighty!
You are feeling very hungry.
The orc misses you.
The orc priest calls down the wrath of Beogh upon you.
Beogh smites you!
You die...

#.. #.#
#...... ..#
#.#####... ##
..##
##.......# ..
#.###.########
#.##..#.##
#......##
####.###
..o########.#
....ooo@.)†.#
#############


You could see an orc priest and 3 orcs.

Vanquished Creatures
  Sigmund (D:2)
  A phantom (D:4)
  An orc wizard (D:4)
  An orc priest (D:4)
  3 iguanas
  A howler monkey skeleton (D:5)
  7 adders
  3 worms
  2 dart slugs
  A leopard gecko (D:3)
  11 orcs
  2 ball pythons (D:2)
  8 goblins
  6 hobgoblins
  10 jackals
  2 quokkas
  9 bats
  7 frilled lizards
  4 kobolds
  6 rats
86 creatures vanquished.

Notes
Turn   | Place    | Note
-------+----------+-------------------------------------------
     0 | D:1      | Hybris the Draconian Berserker began the quest for the Orb.
     0 | D:1      | Reached XP level 1. HP: 19/19 MP: 1/1
   128 | D:1      | Reached XP level 2. HP: 14/26 MP: 2/2
   657 | D:2      | Found a sparkling altar of Nemelex Xobeh.
   715 | D:2      | Reached ** piety under Trog
   725 | D:2      | Found an opulent altar of Gozag.
   796 | D:2      | Reached skill level 4 in Axes
   796 | D:2      | Reached XP level 3. HP: 24/31 MP: 3/3
  1228 | D:2      | Noticed Sigmund
  1237 | D:2      | Killed Sigmund
  1237 | D:2      | Reached skill level 5 in Axes
  1237 | D:2      | Reached XP level 4. HP: 41/41 MP: 4/4
  1237 | D:2      | Reached XP level 5. HP: 47/47 MP: 5/5
  1446 | D:2      | Found a faded altar of an unknown god.
  1675 | D:2      | Found a glowing golden altar of the Shining One.
  2135 | D:3      | Found a hazy altar of Hepliaklqana.
  2631 | D:4      | Gained mutation: You are frail. (-10% HP) [potion of mutation]
  2631 | D:4      | Gained mutation: Your body sometimes deteriorates upon taking damage. [potion of mutation]
  2631 | D:4      | Gained mutation: You expend magic power (3 MP) to strengthen your wands. [potion of mutation]
  2631 | D:4      | Lost mutation: You are frail. (-10% HP) [potion of mutation]
  2638 | D:4      | Reached skill level 5 in Fighting
  2638 | D:4      | Reached XP level 6. HP: 19/56 MP: 6/6
  2843 | D:4      | Lost mutation: Your body sometimes deteriorates upon taking damage. [potion of mutation]
  2843 | D:4      | Lost mutation: You expend magic power (3 MP) to strengthen your wands. [potion of mutation]
  2843 | D:4      | Gained mutation: You possess an exceptional clarity of mind. [potion of mutation]
  2843 | D:4      | Gained mutation: You evolve. [potion of mutation]
  2843 | D:4      | Gained mutation: You are dopey. (Int -2) [potion of mutation]
  2881 | D:4      | Reached skill level 6 in Axes
  3163 | D:4      | Found a burning altar of Makhleb.
  3246 | D:4      | Reached *** piety under Trog
  3447 | D:4      | Lost mutation: You are dopey. (Int -2) [evolution]
  3755 | D:5      | Entered Level 5 of the Dungeon
  3802 | D:5      | Your scales start taking on a glossy black colour.
  3802 | D:5      | Reached XP level 7. HP: 61/61 MP: 7/7
  3802 | D:5      | Gained mutation: You are resistant to electric shocks. (rElec) [Black Draconian growth]
  3897 | D:5      | Reached skill level 7 in Axes
  3909 | D:5      | Killed from afar by an orc priest

Vault maps used:
D:1:      dpeg_arrival_houses_and_road, minmay_hexomino_f4
D:2:      lemuel_round_altar, tso_altar, chequers_ecumenical_altar_twisty,
          grunt_gozag_breadcrumbs, uniq_sigmund
D:3:      lemuel_coloured_pillars_altar
D:4:      lightli_temple_of_fire, first_bread
D:5:      minmay_temple_entry_statues_pillars

Skill      XL: |  1  2  3  4  5  6  7 |
---------------+----------------------+-----
Axes           | 4 5 6 7 |  7.0
Fighting       | 4 5 |  5.5
Dodging        | |  2.6

Action                   |  1- 3 |  4- 6 |  7- 9 || total
-------------------------+-------+-------+-------++-------
Melee: Hand axe          |    93 |   175 |    16 ||   284
       Tailslap          |     4 |    24 |     2 ||    30
Invok: Berserk           |     2 |     1 |     1 ||     4
       Trog's Hand       |     1 |     1 |     1 ||     3
 Abil: Breathe Lightning |       |       |     2 ||     2
  Use: Potion            |       |     3 |       ||     3
       Scroll            |       |    10 |       ||    10
 Stab: Sleeping          |     1 |     1 |       ||     2
  Eat: Chunk             |     2 |     9 |       ||    11
       Royal jelly       |       |     1 |       ||     1
Armor: Skin              |    32 |    47 |     5 ||    84
Dodge: Dodged            |    77 |    90 |     8 ||   175
